Unix NetHack Version 5.0.0-0 post-release - last build May 31 2026 23:59:36 (970b52f25bf058293b47ddfd14a1e40e571c508c,branch:main).

Game began 2026-06-09 00:47:57, ended 2026-06-09 01:04:16.

Drastanta, neutral male human Barbarian

                        ---------------------------------
                        |...............................|
                        |.---------------.-----------...|
                        |.-..%[|...|(((.|.-....|(((.-...|
                        |.|.!..|..%|(((.-.|....|(((.|...|
                        |.|.[..|...|(?/.|.|....|(((.|...|
                        |.------)--------.----------|...-
                        |.............{....|%...|%%.|...|
                        |.-----|----.......|.._.|%%%|....
                        |.|..|..|..|.......|....|.%!|...|                 #
                        |.|..|..|..|......{|....|...|...|           ------/-
                       #|.--|-----|-.......----|-|---...|           |@..l....|
 --------         ######................................|        ###.........|
 |.<....|       ###    #|.----..........----|---|----...|        ###|........|
 |......|    ####      #|.|..|..........-..|..|..|..|...|        #  |........|
 |..%...|#####         #|.-..|..........|..|..|..|..-...|      ###  |........|
 |......-#             #---------------------------------      #    ----------
 --------              #########################################

Drastanta the Bandit       St:18/01 Dx:16 Co:18 In:9 Wi:7 Ch:6  Neutral
Dlvl:6  $:142 HP:0(62) Pw:11(11) AC:3  Xp:6 T:1755  Burdened

Latest messages:
 You have trouble lifting a dark potion.  Continue? [ynq] (q) y
 You have trouble lifting r - a dark potion.
 w - 3 fizzy potions.
 Your knapsack cannot accommodate any more items.
 You rebalance your load.  Movement is difficult.
 There is a doorway here.
 There are many objects here.
 You swap places with the peaceful watch captain.
 The cave spider bites!
 The cave spider misses!
 You kill the cave spider!
 You hear a nearby zap.
 The bolt of fire whizzes by you!
 You hear a nearby zap.
 The bolt of fire hits you!
 Your cloak smoulders!
 The bolt of fire bounces!
 The bolt of fire hits you!
 Your cloak smoulders further!
 Your scroll labeled DAIYEN FOOELS catches fire and burns!
 Your scroll labeled ASHPD SODALG catches fire and burns!
 One of your clear potions boils and explodes!
 Call a clear potion: Water
 You drop an elven dagger.
 You drop a knife.
 You drop a spear.
 Your movements are only slowed slightly by your load.
 You cannot drop something you are wearing.
 You drop a helmet.
 You drop a helmet.
 You drop a pair of leather gloves.
 You cannot drop something you are wearing.
 You drop a pair of low boots.
 You drop a pair of low boots.
 You drop a wooden shield.
 You drop a large shield.
 You drop a burnt opera cloak.
 You drop a leather cloak.
 You cannot drop something you are wearing.
 You drop a leather armor.
 You cannot drop something you are wearing.
 You hear a nearby zap.
 The bolt of fire hits you!
 Your cloak smoulders completely!
 Your lamp called Oil catches light!
 Your candle catches light!
 Your candle catches light!
 You die...
 Do you want your possessions identified? [ynq] (y) y
 Do you want to see your attributes? [ynq] (y) q

Inventory:
 Coins    ('$')
  $ - 142 gold pieces
 Amulets  ('"')
  G - a cursed amulet of change
 Weapons  (')')
  a - a +0 battle-axe (weapon in hands)
  b - a +0 short sword (alternate weapon; not wielded)
 Armor    ('[')
  s - an uncursed +0 dwarvish iron helm (being worn)
  i - an uncursed +0 pair of iron shoes (being worn)
  k - an uncursed thoroughly burnt +0 oilskin cloak (being worn)
  c - an uncursed +0 ring mail (being worn)
 Comestibles  ('%')
  U - 2 uncursed apples
  V - a cursed cram ration
  d - 3 uncursed food rations
  W - a cursed tripe ration
  X - 3 cursed lichen corpses
 Scrolls  ('?')
  A - an uncursed scroll of amnesia
  q - a cursed scroll of destroy armor
  B - an uncursed scroll of earth
  Y - a cursed scroll of enchant weapon
  C - an uncursed scroll of fire
  o - a blessed scroll of identify
 Potions  ('!')
  z - an uncursed potion of blindness
  r - a cursed potion of confusion
  p - 3 uncursed potions of extra healing
  h - an uncursed potion of gain energy
  v - a blessed potion of hallucination
  g - an uncursed potion of healing
  w - 3 cursed potions of invisibility
  u - a blessed potion of levitation
  x - a cursed potion of paralysis
  n - an uncursed potion of sickness
  F - an uncursed potion of water
  Z - a potion of unholy water
 Rings    ('=')
  D - an uncursed ring of polymorph control
 Wands    ('/')
  m - a wand of teleportation (0:5)
  j - a wand of teleportation (0:4)
 Tools    ('(')
  t - an uncursed oil lamp (lit)
  e - an uncursed skeleton key
  y - an uncursed tallow candle (lit)
  E - a cursed wax candle (lit)

Drastanta the Barbarian's attributes:

Background:
 You were a Bandit, a level 6 male human Barbarian.
 You were neutral, on a mission for Crom
 who was opposed by Mitra (lawful) and Set (chaotic).
 You were right-handed.
 You were in the Gnomish Mines, on level 6.
 You entered the dungeon 1755 turns ago.
 It was nighttime.
 You had 614 experience points, 26 more were needed to attain level 7.

Basics:
 You had 0 out of 62 hit points.
 You had all 11 energy points (spell power).
 Your armor class was 3.
 Your wallet contained 142 zorkmids.
 Autopickup was on for '$' plus thrown.

Final Characteristics:
 Your strength was 18/01 (limit:18/100).
 Your dexterity was 16 (limit:18).
 Your constitution was 18 (limit:18).
 Your intelligence was 9 (limit:18).
 Your wisdom was 7 (limit:18).
 Your charisma was 6 (limit:18).

Final Status:
 You weren't hungry.
 You were burdened; movement was slightly slowed.
 You were wielding an axe.
 You were skilled in axe.

Final Attributes:
 You were devoutly aligned.
 You were poison resistant.
 You were guarded.
 You were lucky.
 You are dead.

Miscellaneous:
 You encountered 1 bones level.
 Total elapsed playing time was 16 minutes and 18 seconds.

Major events:
 Turn
    1: Drastanta the neutral male human Barbarian entered the dungeon
  381: entered the Gnomish Mines
  560: attained the rank of Pillager (level 3)
 1105: reached Mine Town
 1142: attained the rank of Bandit (level 6)
 1755: killed by a bolt of fire zapped by a leprechaun

You didn't know any spells.

Skills:
 Fighting Skills
   bare handed combat [Basic]
   two weapon combat  [Unskilled]
   riding             [Unskilled]
 Weapon Skills
   dagger             [Unskilled]
   axe                [Skilled]
   pick-axe           [Unskilled]
   short sword        [Basic]
   broadsword         [Unskilled]
   long sword         [Unskilled]
   two-handed sword   [Unskilled]
   saber              [Unskilled]
   club               [Unskilled]
   mace               [Unskilled]
   morning star       [Unskilled]
   flail              [Unskilled]
   hammer             [Unskilled]
   quarterstaff       [Unskilled]
   spear              [Unskilled]
   trident            [Unskilled]
   bow                [Unskilled]
 Spellcasting Skills
   attack spells      [Unskilled]
   escape spells      [Unskilled]

Voluntary challenges:
 Character rerolling was not enabled.
 You were illiterate.
 You never genocided any monsters.
 You never polymorphed an object.
 You never changed form.
 You used no wishes.
Achievements:
 You entered the Gnomish Mines.
 You attained the rank of Pillager.
 You entered Minetown.
 You attained the rank of Bandit.
 You entered a temple.
 You entered a shop.

 The Dungeons of Doom: levels 1 to 3
    Level 1:
    Level 2:
       Some fountains.
       Stairs down to The Gnomish Mines.
    Level 3:
       A fountain.
 The Gnomish Mines: levels 3 to 6
    Level 3:
    Level 4:
    Level 6: <- You were here.
       Many shops, a temple and an altar to Crom, some fountains.
       Final resting place for
          you, killed by a bolt of fire zapped by a leprechaun,
          bubber-Wiz-Elf-Mal-Cha, killed by a watchman.


Vanquished creatures:
  a ghost
  2 gnome rulers
  a werewolf
  2 snakes
  a quasit
  5 gnome leaders
  2 gnomish wizards
  a little dog
  4 dwarves
  a hobbit
  a giant rat
  3 cave spiders
 18 gnomes
  a jackal
  a fox
  a goblin
  a sewer rat
  3 grid bugs
  a bat
  3 lichens
  5 newts
58 creatures vanquished.

No species were genocided or became extinct.

Game over:
                       ----------
                      /          \
                     /    REST    \
                    /      IN      \
                   /     PEACE      \
                  /                  \
                  |    Drastanta     |
                  |      142 Au      |
                  | killed by a bolt |
                  |  of fire zapped  |
                  | by a leprechaun  |
                  |                  |
                  |       2026       |
                 *|     *  *  *      | *
        _________)/\\_//(\/(/\)/\//\/|_)_______

Goodbye Drastanta the Barbarian...

You died in The Gnomish Mines on dungeon level 6 with 2834 points,
and 142 pieces of gold, after 1755 moves.
You were level 6 with a maximum of 62 hit points when you died.

